 Dungeon Crawl Stone Soup version 0.29-a0-2-g12fcac58f8 (webtiles) character file.

Game seed: 4249635540019760394

9846 kae the Grappler (level 11, -2/110 HPs)
             Began as a Purple Draconian Transmuter on Jan 26, 2022.
             Was a Follower of Ru.
             Slain by a boulder beetle (27 damage)
             ... on level 11 of the Dungeon.
             The game lasted 00:12:42 (17044 turns).

kae the Grappler (Purple Draconian Transmuter)     Turns: 17044, Time: 00:12:42

Health: -2/110     AC:  8    Str: 15      XL:     11   Next: 28%
Magic:  19/22      EV: 17    Int: 15      God:    Ru [*.....]
Gold:   713        SH:  0    Dex: 17 (18) Spells: 16/24 levels left

rFire   x . .      SeeInvis .     - Unarmed
rCold   + + +      Faith    .   (shield currently unavailable)
rNeg    . . .      Spirit   .   (armour unavailable)
rPois   +          Reflect  .   (helmet currently unavailable)
rElec   .          Harm     .   (cloak currently unavailable)
rCorr   .          Rampage  .   (gloves currently unavailable)
Will    +....                   (boots currently unavailable)
Stlth   ++........              (no amulet)
HPRegen 0.28/turn               c - +6 ring of dexterity
MPRegen 0.18/turn               p - +4 ring of evasion

@: ice-form
A: freezing attack, amphibious, boosted hp, (breathe power), AC +7, large,
unfitting armour, (cold-blooded), no air magic, no hexes magic, no
translocations magic, deterioration 1
a: End Transformation, Renounce Religion


You were on level 11 of the Dungeon.
You worshipped Ru.
Ru was aware of your devotion.
You were a creature of crystalline ice.
You visited 2 branches of the dungeon, and saw 12 of its levels.
You also visited: Sewer, Ossuary and Gauntlet.

You collected 744 gold pieces.
You spent 31 gold pieces at shops.

Inventory:

Missiles
 z - a throwing net
Armour
 y - a +1 pair of boots of flying (melded)
 B - a +0 pair of gloves (melded)
Jewellery
 a - a ring of protection from fire
 b - a ring of protection from fire
 c - a +6 ring of dexterity (left front paw)
 i - a ring of magical power
 o - a ring of poison resistance
 p - a +4 ring of evasion (right front paw)
 r - a ring of flight
 C - a ring of positive energy
 E - a ring of see invisible
Wands
 h - a wand of polymorph (33)
 k - a wand of flame (5)
 s - a wand of mindburst (13)
 w - a wand of iceblast (17)
Scrolls
 d - 2 scrolls of fog
 e - a scroll of immolation
 g - 6 scrolls of blinking
 m - 4 scrolls of teleportation
 v - a scroll of enchant armour
Potions
 f - 2 potions of brilliance
 j - 7 potions of curing
 l - a potion of lignification
 n - 11 potions of heal wounds {unknown}
 q - 2 potions of invisibility
 t - 2 potions of haste
 u - a potion of mutation
 x - a potion of cancellation
 A - a potion of flight


   Skills:
 + Level 7.0 Fighting
 + Level 6.1 Dodging
 * Level 9.7 Unarmed Combat
 + Level 7.3 Spellcasting
 * Level 9.3 Transmutations
 - Level 5.0 Ice Magic
 - Level 2.0 Poison Magic


You had 16 spell levels left.
You knew the following spells:

 Your Spells              Type           Power      Damage    Failure   Level
a - Beastly Appendage     Tmut           66%        N/A       1%          1
b - Spider Form           Tmut/Pois      22%        N/A       3%          3
c - Ice Form              Ice/Tmut       27%        N/A       7%          4

Your spell library contained the following spells:

 Spells                   Type           Power      Damage    Failure   Level
 Wereblood                Tmut           33%        N/A       1%          2
 Frozen Ramparts          Ice            40%        1d6       4%          3
 Blade Hands              Tmut           16%        N/A       8%          5
 Ignite Poison            Fire/Tmut/Pois 16%        N/A       9%          3
 Conjure Flame            Conj/Fire      5%         6-21      36%         3
 Summon Ice Beast         Ice/Summ       13%        N/A       41%         4
 Sticky Flame             Conj/Fire      5%         2d3       77%         4
 Excruciating Wounds      Necr           2%         N/A       98%         5
 Monstrous Menagerie      Summ           2%         N/A       100%        7
 Apportation              Tloc           Unusable   N/A       N/A         1
 Blink                    Tloc           Unusable   N/A       N/A         2
 Gell's Gravitas          Tloc           Unusable   N/A       N/A         3
 Portal Projectile        Hex/Tloc       Unusable   N/A       N/A         3
 Summon Mana Viper        Hex/Summ       Unusable   N/A       N/A         5

Dungeon Overview and Level Annotations

Branches:
Dungeon (11/15)            Temple (1/1) D:4             Orc (0/2) D:9
  Sewer (visited)         Ossuary (visited)         Gauntlet (visited)
   Lair: D:8-11

Altars:
Ashenzari
Cheibriados
Dithmenos
Elyvilon
Fedhas
Gozag
Hepliaklqana
Kikubaaqudgha
Makhleb
Nemelex Xobeh
Okawaru
Qazlal
Ru
Sif Muna
Trog
Uskayaw
Vehumet
Wu Jian
Xom
Yredelemnul
Zin
The Shining One

Shops:
D:6 *

Annotations:
D:2 Grinder
D:6 exclusion: statue


Innate Abilities, Weirdness & Mutations

You are a creature of crystalline ice.
You have a powerful freezing melee attack.
You are amphibious.
Your maximum health is increased.
Your armour is entirely melded.
You are incapable of wielding weapons or throwing items.
((You can breathe bolts of dispelling energy.))
((Your rich purple scales are hard. (AC +7)))
You cannot fit into any form of body armour.
((You are cold-blooded and may be slowed by cold attacks.))
You cannot study or cast Air magic.
You cannot study or cast Hexes magic.
You cannot study or cast Translocations magic.
Your body sometimes deteriorates upon taking damage.


Message History

The boulder beetle curls into a ball and begins rolling!
The troll bites you but does no damage. The troll claws you. x2
There is a stone staircase leading up here.
You punch the troll! You freeze the troll.
The troll is moderately wounded.
The troll closely misses you. The troll claws you. The troll claws you!
You punch the troll! You freeze the troll.
The troll is almost dead.
The troll bites you but does no damage. The troll barely misses you.
The troll misses you.
You hit the troll. You freeze the troll.
The troll is almost dead.
The boulder beetle hits you!!!
The boulder beetle stops rolling and uncurls.
The troll bites you but does no damage. The troll closely misses you.
The troll claws you.
You are too injured to fight recklessly!
You are too injured to fight recklessly!
You are too injured to fight recklessly!
You are too injured to fight recklessly!
You are too injured to fight recklessly!
You pummel the troll!! You freeze the troll.
You kill the troll!
A hound comes into view.
The boulder beetle bites you.
* * * LOW HITPOINT WARNING * * *
You hit the boulder beetle but do no damage.
The boulder beetle bites you!
* * * LOW HITPOINT WARNING * * *
You hit the boulder beetle but do no damage.
The boulder beetle closely misses you.
You hit the boulder beetle. You freeze the boulder beetle.
The boulder beetle is lightly wounded.
The boulder beetle bites you but does no damage.
You hit the boulder beetle but do no damage.
The boulder beetle is lightly wounded.
You punch the hound! You freeze the hound.
You kill the hound!
The boulder beetle bites you!!
You die...

...#.........# #..####.#
####.........#
#.##.....#.# ........#
#(##.....#.# ####
.....^..# #.##.#...#.#
...#
........###........#.#
##.# ..................#.#
#.# #..[............##.#
#.# #..............)##.#
#.#####........Y.........#
#..........<...B.#.##..#.#
#.#.###...............∩#.#
...#.#
#.##'######.####...#
##+#.###.##.# #.# ##..#
.....h......# #÷# #...#
........##### #'# #...#
........# .T. ....#
..........≈≈ ..... ...#


You could see a boulder beetle.

Vanquished Creatures
  A minotaur (Gauntlet)
  2 two-headed ogres
  A cyclops (D:10)
  A gargoyle (D:10)
  An unseen horror (D:11)
  3 trolls
  A jumping spider (shapeshifter) (Gauntlet)
  8 shadows (Gauntlet)
  A vampire (D:9)
  A wyvern (D:4)
  4 yaks
  A steam dragon (D:9)
  Edmund (D:4)
  A water moccasin (D:7)
  Duvessa (D:4)
  A black bear (D:6)
  A necrophage (D:6)
  3 orc warriors
  3 ice beasts
  An ogre (D:5)
  2 wolves (D:11)
  4 centaurs
  2 phantoms
  3 bullfrogs
  3 scorpions
  A gnoll sergeant (D:8)
  A water moccasin zombie (Ossuary)
  A wyvern zombie (D:6)
  Dowan (D:4)
  3 killer bees
  6 howler monkeys
  2 centaur zombies
  8 hounds
  8 orc priests
  3 centaur skeletons
  2 iguanas
  9 orc wizards
  Natasha (thrice) (D:4)
  2 mummies (Ossuary)
  A howler monkey zombie (D:9)
  13 gnolls
  5 adders
  A river rat (D:4)
  A white imp (D:7)
  An ufetubus (D:6)
  4 adder zombies (Ossuary)
  2 worms (D:2)
  2 dart slugs (D:1)
  42 orcs
  23 ball pythons
  12 endoplasms
  15 giant cockroaches
  6 goblins
  6 hobgoblins
  5 jackals
  4 kobolds
  17 quokkas
  5 bats
  12 frilled lizards
  6 hobgoblin zombies (Ossuary)
  4 kobold zombies (Ossuary)
  9 orc zombies (Ossuary)
  4 rats
301 creatures vanquished.

Vanquished Creatures (others)
  2 orc wizards (D:8)
  A quokka (D:3)
3 creatures vanquished.

Grand Total: 304 creatures vanquished

Notes
Turn   | Place    | Note
-------+----------+-------------------------------------------
     0 | D:1      | kae the Draconian Transmuter began the quest for the Orb.
     0 | D:1      | Reached XP level 1. HP: 16/16 MP: 3/3
   108 | D:1      | Reached XP level 2. HP: 11/23 MP: 3/5
   347 | D:1      | Found a faded altar of an unknown god.
   986 | D:2      | Reached XP level 3. HP: 28/28 MP: 4/6
  1027 | D:2      | Learned a level 3 spell: Spider Form
  2144 | D:3      | Reached XP level 4. HP: 20/35 MP: 4/7
  2365 | D:3      | Reached skill level 1 in Poison Magic
  2628 | D:3      | Reached XP level 5. HP: 31/41 MP: 4/8
  2710 | D:3      | Noticed Grinder
  2714 | D:3      | Paralysed by Grinder for 7 turns
  3027 | D:3      | Found a white marble altar of Elyvilon.
  3547 | D:4      | Noticed Natasha
  3556 | D:4      | Killed Natasha
  3663 | D:4      | Found a glowing drain.
  3678 | D:4      | Reached XP level 6. HP: 22/49 MP: 4/9
  3802 | Sewer    | Entered a sewer
  3988 | Sewer    | Learned a level 4 spell: Ice Form
  4983 | Sewer    | Reached skill level 1 in Ice Magic
  5147 | D:4      | Found a sparkling altar of Nemelex Xobeh.
  5274 | D:4      | Noticed Natasha
  5284 | D:4      | Killed Natasha
  5363 | D:4      | Found a staircase to the Ecumenical Temple.
  5363 | D:4      | Noticed Dowan
  5411 | D:4      | Killed Dowan
  5412 | D:4      | Your scales start taking on a rich purple colour.
  5412 | D:4      | Reached XP level 7. HP: 38/56 MP: 9/12
  5598 | D:4      | Noticed Duvessa
  5612 | D:4      | Noticed Natasha
  5613 | D:4      | Gained mutation: Your body sometimes deteriorates upon
                  | taking damage. [mutagenic glow]
  5619 | D:4      | Killed Natasha
  5686 | Temple   | Entered the Ecumenical Temple
  5972 | D:4      | Killed Duvessa
  6403 | D:4      | Reached skill level 5 in Unarmed Combat
  6649 | D:4      | Found a snail-covered altar of Cheibriados.
  6649 | D:4      | Noticed a wyvern
  6660 | D:4      | Killed a wyvern
  6887 | D:4      | Noticed Edmund
  6898 | D:4      | Killed Edmund
  6902 | D:4      | Reached XP level 8. HP: 46/63 MP: 1/14
  7285 | D:5      | Entered Level 5 of the Dungeon
  7362 | D:5      | Reached skill level 5 in Transmutations
  8453 | D:6      | Found a stormy altar of Qazlal.
  8675 | D:6      | Found Siytud's Assorted Antiques.
  8782 | D:6      | Found a sand-covered staircase.
  8794 | Ossuary  | Entered an ossuary
  9349 | D:6      | Found a radiant altar of Vehumet.
  9414 | D:6      | Reached XP level 9. HP: 69/72 MP: 13/16
  9672 | D:6      | Bought a viscous blue potion for 31 gold pieces
  9680 | D:6      | Found a glowing golden altar of the Shining One.
 10010 | D:7      | Reached skill level 5 in Spellcasting
 10214 | D:7      | Found a shadowy altar of Dithmenos.
 10548 | D:7      | Found a glowing silver altar of Zin.
 10730 | D:8      | Reached skill level 5 in Ice Magic
 10877 | D:8      | HP: 1/87 [something/magic dart (7)]
 11218 | D:8      | Reached skill level 5 in Fighting
 11239 | D:7      | HP: 2/88 [killer bee (4)]
 11919 | D:8      | Found a sacrificial altar of Ru.
 12234 | D:8      | Became a worshipper of Ru the Awakened
 12671 | D:9      | Found a hazy altar of Hepliaklqana.
 12740 | D:9      | Found a bloodstained altar of Trog.
 12815 | D:9      | Found an ornate altar of the Wu Jian Council.
 12817 | D:9      | Noticed a troll
 12824 | D:9      | Killed a troll
 13113 | D:9      | Reached XP level 10. HP: 56/81 MP: 18/18
 13294 | D:9      | Found a staircase to the Orcish Mines.
 13473 | D:9      | Noticed a two-headed ogre
 13478 | D:9      | Killed a two-headed ogre
 13479 | D:9      | Reached skill level 5 in Dodging
 13527 | D:9      | Gained mutation: You cannot study or cast Air magic. [Ru
                  | sacrifice]
 13527 | D:9      | Gained mutation: You cannot study or cast Hexes magic. [Ru
                  | sacrifice]
 13527 | D:9      | Gained mutation: You cannot study or cast Translocations
                  | magic. [Ru sacrifice]
 13527 | D:9      | Reached * piety under Ru
 13916 | D:10     | Entered Level 10 of the Dungeon
 14153 | D:10     | Noticed a gargoyle
 14167 | D:10     | Killed a gargoyle
 15394 | D:11     | Noticed a boulder beetle
 15616 | D:11     | Found a gate leading to a gauntlet.
 15624 | Gauntlet | Entered a Gauntlet
 15624 | Gauntlet | Found a runed translucent door.
 15624 | Gauntlet | Found a transporter.
 15624 | Gauntlet | Found a runed translucent door.
 15624 | Gauntlet | Found a transporter.
 15727 | Gauntlet | Found a transporter.
 15730 | Gauntlet | Found a transporter.
 15741 | Gauntlet | Found a transporter.
 15742 | Gauntlet | Found a transporter.
 15753 | Gauntlet | Found a transporter.
 15766 | Gauntlet | Found a transporter.
 15781 | Gauntlet | Found a transporter.
 15784 | Gauntlet | Found a transporter.
 15792 | Gauntlet | Found a transporter.
 15796 | Gauntlet | Found a transporter.
 15938 | Gauntlet | Noticed a cane toad
 15938 | Gauntlet | a black bear changed into a cane toad
 15978 | Gauntlet | a cane toad changed into a jumping spider
 16479 | Gauntlet | Noticed a minotaur
 16492 | Gauntlet | Killed a minotaur
 16493 | Gauntlet | Reached XP level 11. HP: 88/91 MP: 17/21
 16621 | Gauntlet | Got Qaothrei's Handbook of Dislocation
 16634 | D:11     | Noticed a two-headed ogre
 16640 | D:11     | Killed a two-headed ogre
 17044 | D:11     | Slain by a boulder beetle

Illustrated notes

Levels and vault maps discovered:
D:1:      minmay_arrival_loop, layout_rooms, shapermc_ecumenical_altar_pompeii,
          nrook_loot_triangle, minmay_3d_cube
D:2:      layout_basic
D:3:      layout_loops_ring, elyvilon_altar_4, uniq_grinder
D:4:      layout_loops_corners, mainiacjoe_overflow_catwalk,
          mainiacjoe_overflow_alcove_2, minmay_temple_entry_mini_moons,
          cheibrodos_sewer_entry_sluice, uniq_natasha, uniq_edmund, uniq_duvessa
D:5:      layout_loops_ring
D:6:      layout_rooms, mainiacjoe_overflow_chevrons, vehumet_statue,
          mainiacjoe_overflow_brackets, chequers_ossuary_entry_cave,
          serial_shops, nicolae_shop_temple_entry_statues_fountains
D:7:      layout_basic, nicolae_dithmenos_through_a_glass_darkly, zin_statuary,
          minmay_fountain_box, grunt_decor_mini_mirrors
D:8:      layout_gridville, nicolae_ru_the_path_less_chosen
D:9:      layout_loops_cross, kennysheep_mini_moat,
          nicolae_wu_jian_glorious_leap, lemuel_round_altar, hiddenorc1_lemuel,
          minmay_quadrilaterals
D:10:     layout_loops_ring, minmay_misc_feat_iff
D:11:     layout_basic, erik_lair_island, gauntlet_entry_generic
Temple:   jpeg_temple_alley_garden

Skill      XL: |  1  2  3  4  5  6  7  8  9 10 11 |
---------------+----------------------------------+-----
Dodging        | 2 3 4 5 6 |  6.1
Transmutations | 3 4 6 7 9 |  9.3
Poison Magic   | 1 2 |  2.0
Fighting       | 2 3 4 5 6 7 |  7.0
Unarmed Combat | 4 5 6 7 9 |  9.7
Ice Magic      | 1 2 4 5 |  5.0
Spellcasting   | 3 4 5 7 |  7.3

Action                   |  1- 3 |  4- 6 |  7- 9 | 10-12 || total
-------------------------+-------+-------+-------+-------++-------
Melee: Unarmed           |   104 |   256 |   371 |   155 ||   886
       Headbutt          |    12 |     4 |       |       ||    16
       Kick              |    15 |     9 |       |       ||    24
       Punch             |     4 |     1 |     2 |     1 ||     8
       Tailslap          |     9 |     9 |     3 |     2 ||    23
 Cast: Beastly Appendage |    24 |    15 |       |       ||    39
       Spider Form       |     1 |    27 |    21 |       ||    49
       Ice Form          |       |       |    27 |    17 ||    44
Invok: Sacrifice Arcana  |       |       |       |     1 ||     1
  Use: Scroll            |     5 |     2 |     9 |     4 ||    20
       Potion            |       |       |     1 |     6 ||     7
 Stab: Sleeping          |       |     3 |     4 |       ||     7
Armor: Skin              |    40 |    30 |    60 |    51 ||   181
Dodge: Dodged            |    72 |   231 |   266 |   108 ||   677

Table legend: (Time is in decaauts)
 A = Elapsed time spent in this place.
 B = Non-inter-level travel time spent in this place.
 C = Inter-level travel time spent in this place.
 D = Time resting spent in this place.
 E = Time spent auto-exploring this place.
 F = Levels seen in this place.
 G = Mean time per level.
                   A        B        C        D        E       F      G
               +--------+--------+--------+--------+--------+-----+--------+
         Total |  17031 |  16524 |    507 |   2573 |  11425 |  15 | 1135.4 |
       Dungeon |  14145 |  13691 |    454 |   2003 |   9817 |  11 | 1285.9 |
        Temple |    239 |    187 |     52 |      0 |    165 |   1 |  239.0 |
         Sewer |   1400 |   1400 |      0 |    309 |    780 |   1 | 1400.0 |
       Ossuary |    244 |    244 |      0 |      0 |    149 |   1 |  244.0 |
      Gauntlet |   1001 |   1001 |      0 |    261 |    514 |   1 | 1001.0 |
               +--------+--------+--------+--------+--------+-----+--------+

Top non-repeatable levels by time:
     D:4: 2154 daAuts
     D:9: 1751 daAuts
     D:7: 1562 daAuts
     D:3: 1499 daAuts
    D:10: 1484 daAuts
   Sewer: 1400 daAuts
     D:6: 1118 daAuts
     D:2: 1116 daAuts
     D:5: 1113 daAuts
     D:8: 1100 daAuts
Gauntlet: 1001 daAuts
     D:1: 919 daAuts
    D:11: 326 daAuts
 Ossuary: 244 daAuts
  Temple: 239 daAuts
